 Dungeon Crawl Stone Soup version 0.20.1-1-g8b1a95d (webtiles) character file.

1279 asishallab the Cleaver (level 8, -1/58 HPs)
             Began as a Formicid Fighter on Dec 16, 2017.
             Was a Follower of Okawaru.
             Slain by an orc warrior
             ... wielding a +0 trident
              (5 damage)
             ... on level 7 of the Dungeon.
             The game lasted 00:18:42 (6595 turns).

asishallab the Cleaver (Formicid Fighter)           Turns: 6595, Time: 00:18:42

Health: -1/58      AC: 13    Str: 25    XL:     8   Next: 84%
Magic:  22/22      EV:  5    Int:  9    God:    Okawaru [*.....]
Gold:   197        SH: 10    Dex: 12    Spells: 7/7 levels left

rFire    . . .     SeeInvis +   a - +0 war axe
rCold    . . .     Gourm    .   c - +0 shield
rNeg     . . .     Faith    .   t - +0 plate armour
rPois    .         Spirit   .   (helmet unavailable)
rElec    .         Reflect  .   (no cloak)
rCorr    .         Harm     .   (no gloves)
MR       .....                  (no boots)
Stlth    ..........             o - amulet of rage
Regen    0.2/turn               h - ring of teleportation (curse)
MPRegen  0.2/turn               y - ring of magical power

@: mighty
A: permanent stasis, dig shafts and tunnels, four strong arms, antennae 3, icy
blue scales 1, wild magic 1
a: Dig, Shaft Self, Heroism, Renounce Religion


You were on level 7 of the Dungeon.
You worshipped Okawaru.
Okawaru was aware of your devotion.
You were not hungry.

You visited 2 branches of the dungeon, and saw 8 of its levels.

You collected 197 gold pieces.

Inventory:

Hand Weapons
 a - a +0 war axe (weapon)
Missiles
 m - 5 tomahawks (quivered)
 n - 94 stones
Armour
 c - a +0 shield (worn)
 t - a +0 plate armour (worn)
Jewellery
 h - a cursed ring of teleportation (left hand)
 o - an amulet of rage (around neck)
 y - a ring of magical power (right hand)
Wands
 b - a wand of flame (17/48)
 w - a wand of enslavement (7/24)
Scrolls
 i - a scroll of remove curse
 l - a scroll of identify
 p - 2 scrolls of fear
 q - 3 scrolls of recharging
 r - a scroll of fog {unknown}
 x - a scroll of enchant armour
Potions
 j - a potion of brilliance
 v - a potion of cancellation
 z - a potion of flight
Comestibles
 f - 2 bread rations
 g - 6 meat rations
 s - a royal jelly


   Skills:
 - Level 3.2 Fighting
 + Level 8.5 Axes
 - Level 3.2 Armour
 - Level 3.6 Shields
 + Level 6.6 Invocations


You had 7 spell levels left.
You didn't know any spells.

Dungeon Overview and Level Annotations

Branches:
Dungeon (7/15)             Temple (1/1) D:4

Altars:
Ashenzari
Cheibriados
Dithmenos
Elyvilon
Fedhas
Gozag
Kikubaaqudgha
Makhleb
Nemelex Xobeh
Okawaru
Ru
Vehumet
Xom
Yredelemnul
Zin
The Shining One


Innate Abilities, Weirdness & Mutations

You cannot be hasted, slowed, berserked, paralysed or teleported.
You can dig through walls and to a lower floor.
Your four strong arms can wield two-handed weapons with a shield.
You have a pair of large antennae on your head. (SInv)
You are partially covered in icy blue scales. (AC +2)
Your spells are a little harder to cast, but a little more powerful.


Message History

You feel sick. You block the killer bee's attack. The killer bee stings you.
You block the orc warrior's attack. You block the killer bee's attack.
You barely miss the killer bee.
The killer bee is lightly wounded.
The killer bee stings you.
* * * LOW HITPOINT WARNING * * *
You are more poisoned.
The killer bee poisons you! You block the killer bee's attack.
The orc warrior hits you from afar with a trident!
* * * LOW HITPOINT WARNING * * *
You feel better. You block the killer bee's attack. The killer bee stings you!
* * * LOW HITPOINT WARNING * * *
The orc warrior barely misses you.
You feel very mighty all of a sudden. The killer bee barely misses you.
You block the killer bee's attack.
You completely miss the killer bee.
The killer bee is lightly wounded.
The killer bee barely misses you.
The orc warrior hits you from afar with a trident.
You die...

... .(####+##
.(.....#
#......#
#......#
#......#
#.yo...# .. #y#
#..
....###@########
#..
................
#..
.##.###.########
#.. ........#
###.. .........#
..#.. #.
..##.###.# #.#..
.....##.# #.#
#.#%. #.##.##.#
#.# #.#<.
#.##.##.# #.#
#.##.


You could see an orc warrior and 2 killer bees.

Vanquished Creatures
  A sky beast (D:5)
  An ice beast (D:5)
  An ogre (D:5)
  A necrophage (D:7)
  2 centaurs (D:6)
  A killer bee (D:7)
  4 crimson imps
  2 orc priests
  A bullfrog zombie (D:6)
  2 hounds (D:6)
  A bullfrog skeleton (D:6)
  3 orc wizards
  3 worker ants
  A worker ant zombie (D:5)
  Robin (D:4)
  A howler monkey skeleton (D:6)
  6 adders
  3 gnolls (D:2)
  2 shadow imps (D:6)
  An ooze (D:6)
  2 worms (D:3)
  A dart slug (D:2)
  6 leopard geckos
  18 orcs
  3 giant cockroaches
  19 goblins
  3 hobgoblins
  6 jackals
  A kobold (D:1)
  4 quokkas
  8 bats
  3 frilled lizards
  A giant cockroach zombie (D:5)
  A jackal zombie (D:6)
  12 rats
  A plant (Temple)
127 creatures vanquished.

Notes
Turn   | Place    | Note
-------+----------+-------------------------------------------
     0 | D:1      | asishallab the Formicid Fighter began the quest for the Orb.
     0 | D:1      | Reached XP level 1. HP: 18/18 MP: 1/1
   291 | D:1      | Reached XP level 2. HP: 24/24 MP: 2/2
   398 | D:1      | Reached skill level 3 in Axes
   483 | D:1      | Reached XP level 3. HP: 28/29 MP: 3/3
   869 | D:2      | Found an opulent altar of Gozag.
  1134 | D:2      | Reached skill level 4 in Axes
  1134 | D:2      | Reached XP level 4. HP: 34/35 MP: 4/4
  1536 | D:3      | Reached XP level 5. HP: 36/41 MP: 5/5
  1711 | D:3      | Reached skill level 5 in Axes
  1873 | D:3      | Found a blossoming altar of Fedhas.
  2019 | D:3      | Reached XP level 6. HP: 47/47 MP: 6/6
  2846 | D:4      | Noticed Robin
  2847 | D:4      | Reached skill level 6 in Axes
  2854 | D:4      | Killed Robin
  2898 | D:4      | Found a staircase to the Ecumenical Temple.
  2957 | Temple   | Entered the Ecumenical Temple
  3283 | Temple   | Became a worshipper of Warmaster Okawaru
  3357 | D:5      | Entered Level 5 of the Dungeon
  3602 | D:5      | Gained mutation: Your magical capacity is low. (-10% MP) [potion of mutation]
  3602 | D:5      | Gained mutation: You possess an exceptional clarity of mind. [potion of mutation]
  3603 | D:5      | Lost mutation: Your magical capacity is low. (-10% MP) [potion of mutation]
  3603 | D:5      | Lost mutation: You possess an exceptional clarity of mind. [potion of mutation]
  3603 | D:5      | Gained mutation: Your spells are a little harder to cast, but a little more powerful. [potion of mutation]
  3603 | D:5      | Gained mutation: You are partially covered in icy blue scales. (AC +2) [potion of mutation]
  3667 | D:5      | Found a faded altar of an unknown god.
  3667 | D:5      | Found a sacrificial altar of Ru.
  3672 | D:5      | Found a basalt altar of Yredelemnul.
  3674 | D:5      | Found a snail-covered altar of Cheibriados.
  3676 | D:5      | Found a glowing golden altar of the Shining One.
  3770 | D:5      | Noticed a sky beast
  3796 | D:5      | Killed a sky beast
  3796 | D:5      | Reached XP level 7. HP: 11/52 MP: 6/8
  4471 | D:5      | Reached skill level 7 in Axes
  5069 | D:6      | Reached * piety under Okawaru
  5069 | D:6      | Reached XP level 8. HP: 54/58 MP: 11/11
  5296 | D:6      | Found an iron altar of Okawaru.
  5710 | D:6      | Reached skill level 5 in Invocations
  6030 | D:6      | Reached skill level 8 in Axes
  6595 | D:7      | Slain by an orc warrior

Skill      XL: |  1  2  3  4  5  6  7  8 |
---------------+-------------------------+-----
Axes           | 3 4 5 6 7 8 |  8.5
Invocations    | 2 4 6 |  6.6
Fighting       | |  3.2
Armour         | |  3.2
Shields        | |  3.6

Action                   |  1- 3 |  4- 6 |  7- 9 || total
-------------------------+-------+-------+-------++-------
Melee: War axe           |    94 |   240 |   242 ||   576
Throw: Tomahawk          |       |    11 |    14 ||    25
Invok: Heroism           |       |       |     2 ||     2
 Abil: Dig               |       |       |     3 ||     3
  Use: Potion            |       |    11 |     6 ||    17
       Scroll            |       |     9 |       ||     9
  Eat: Chunk             |     1 |     9 |     5 ||    15
       Bread ration      |       |       |     1 ||     1
Armor: Scale mail        |     9 |       |       ||     9
       Chain mail        |    49 |   139 |    16 ||   204
       Plate armour      |       |       |   103 ||   103
Dodge: Dodged            |    13 |    57 |    58 ||   128
Block: Shield            |    55 |   111 |   137 ||   303
